[Event "Titled Tuesday Blitz January 31 Early 2023"]
[White "Bluebaum, Matthias"]
[Black "Oparin, Grigoriy"]
[WhiteFideId "24651516"]
[BlackFideId "24125890"]
[WhiteElo "2669"]
[BlackElo "2667"]
[Result "1/2-1/2"]
[Round "11"]
[TimeControl "180+2"]
[Date "2023.01.31"]
[WhiteClock "0:00:26"]
[BlackClock "0:00:28"]

1. d4 d5 2. c4 e6 3. Nc3 Be7 4. cxd5 exd5 5. Bf4 c6 6. Qc2 Nf6 7. h3 g6 8. e3 Bf5 9. Bd3 Bxd3 10. Qxd3 Nbd7 11. Nge2 O-O 12. O-O Re8 13. f3 c5 14. dxc5 Nxc5 15. Qd2 Ne6 16. Be5 Nd7 17. Bg3 Nb6 18. b3 Rc8 19. Rad1 Bb4 20. Qb2 Qf6 21. Be1 Ng7 22. Rd3 Nf5 23. Bd2 Bc5 24. Qc1 Qe7 25. Nd4 Nxd4 26. exd4 Bxd4+ 27. Rxd4 Qc5 28. Be3 Qxc3 29. Qxc3 Rxc3 30. Bf2 Re2 31. a4 Rxb3 32. a5 Nc4 33. Rxd5 f6 34. Rc1 Rd2 35. Rxd2 Nxd2 36. Bxa7 Rb5 37. Bb6 Nb3 38. Rc8+ Kf7 39. Rc7+ Ke6 40. Rxh7 g5 41. Kh2 Kf5 42. Rf7 Kg6 43. Rd7 Nxa5 44. Bxa5 Rxa5 45. Rxb7 Ra2 46. Rb6 Rc2 47. Kg3 Rd2 48. Rb4 Rc2 49. Rb5 Ra2 50. Rb1 Rc2 51. Rf1 Rb2 52. Rf2 Rb3 53. Rd2 Ra3 54. h4 gxh4+ 55. Kxh4 Ra4+ 56. g4 f5 57. Rd6+ Kg7 58. Rd7+ Kg6 59. Rd6+ Kg7 60. Kh5 fxg4 61. fxg4 Ra5+ 62. g5 Ra7 63. Rg6+ Kh8 64. Rh6+ Kg7 65. Rb6 Kh7 66. Rf6 Kg7 67. Rg6+ Kh7 68. Rh6+ Kg7 69. Rd6 Kh7 70. Rd5 Kg7 71. Rf5 Kh7 72. Re5 Kg7 73. Rd5 Kh7 74. Rf5 Kg7 75. g6 Rb7 76. Kg5 Rc7 77. Re5 Rb7 78. Rd5 Rc7 79. Rb5 Rd7 80. Ra5 Rc7 81. Re5 Ra7 82. Rf5 Rb7 83. Rd5 Ra7 84. Re5 Rb7 85. Kh5 Ra7 86. Rf5 Rb7 87. Rd5 Ra7 88. Rd6 Ra5+ 89. Kg4 Ra4+ 90. Kf5 Ra5+ 91. Kf4 Ra4+ 92. Kg5 Ra5+ 93. Kg4 Ra4+ 94. Kf3 Ra5 95. Kf4 Ra4+ 96. Kf5 Ra5+ 97. Ke6 Kxg6 98. Rc6 Kg5 99. Kd6 Rf5 100. Rc5 Rxc5 101. Kxc5 1/2-1/2


[Site "https://www.chess.com"]

[Event "Titled Tuesday Blitz January 31 Early 2023"]
[White "Sanal, Vahap"]
[Black "Urazayev, Arystanbek"]
[WhiteFideId "6300545"]
[BlackFideId "13709810"]
[WhiteElo "2600"]
[BlackElo "2460"]
[Result "1-0"]
[Round "11"]
[TimeControl "180+2"]
[Date "2023.01.31"]
[WhiteClock "0:00:21"]
[BlackClock "0:00:08"]

1. Nf3 d5 2. g3 b6 3. Bg2 Bb7 4. d4 e6 5. O-O Nf6 6. c4 dxc4 7. Qa4+ Nbd7 8. Qxc4 a6 9. Qc2 c5 10. Rd1 Rc8 11. Nc3 cxd4 12. Rxd4 Bc5 13. Rh4 b5 14. a3 Qb6 15. e4 h6 16. Bf4 O-O 17. e5 Nd5 18. Bxh6 Bxf2+ 19. Qxf2 Qxf2+ 20. Kxf2 Nxc3 21. bxc3 gxh6 22. Rxh6 Bxf3 23. Bxf3 Nxe5 24. Rb1 Rxc3 25. Be2 Rxa3 26. Rb4 Kg7 27. Rh5 Nd3+ 28. Bxd3 Rxd3 29. Rg4+ Kf6 30. Rc5 Rfd8 31. Rf4+ Ke7 32. h4 f5 33. h5 Rd2+ 34. Ke1 Rh2 35. g4 Rdd2 36. gxf5 Ra2 37. f6+ Kd6 38. Rc1 Rxh5 39. Rd1+ 1-0


[Site "https://www.chess.com"]

[Event "Titled Tuesday Blitz January 31 Early 2023"]
[White "Kamsky, Gata"]
[Black "Shimanov, Aleksandr"]
[WhiteFideId "2000024"]
[BlackFideId "4198603"]
[WhiteElo "2665"]
[BlackElo "2581"]
[Result "1-0"]
[Round "11"]
[TimeControl "180+2"]
[Date "2023.01.31"]
[WhiteClock "0:00:42"]
[BlackClock "0:00:01"]

1. e4 d5 2. exd5 Qxd5 3. Nc3 Qe5+ 4. Be2 Bg4 5. d4 Bxe2 6. Ngxe2 Qa5 7. d5 c6 8. O-O Nf6 9. Nf4 cxd5 10. b4 Qd8 11. Ncxd5 Nxd5 12. Qxd5 Qxd5 13. Nxd5 Na6 14. b5 O-O-O 15. bxa6 Rxd5 16. axb7+ Kxb7 17. Rb1+ Kc6 18. Be3 Rd7 19. Rb3 e6 20. Rc3+ Kd6 21. Rc8 Ke5 22. Rb1 g6 23. Kf1 Bg7 24. Rb5+ Rd5 25. Rxd5+ Kxd5 26. Rxh8 Bxh8 27. Bxa7 Kc4 28. Ke2 Kb4 29. Kd3 Be5 30. h3 Bc7 31. c4 f5 32. Kd4 Bd6 33. Bb6 Bb8 34. f3 h5 35. c5 e5+ 36. Kd5 1-0


[Site "https://www.chess.com"]

[Event "Titled Tuesday Blitz January 31 Early 2023"]
[White "Rasulov, Vugar"]
[Black "Bacrot, Etienne"]
[WhiteFideId "13402390"]
[BlackFideId "605506"]
[WhiteElo "2523"]
[BlackElo "2667"]
[Result "0-1"]
[Round "11"]
[TimeControl "180+2"]
[Date "2023.01.31"]
[WhiteClock "0:00:07"]
[BlackClock "0:00:09"]

1. e4 c5 2. Nf3 d6 3. Nc3 Nf6 4. e5 dxe5 5. Nxe5 a6 6. a4 Qd6 7. Nc4 Qc7 8. d3 Nbd7 9. g3 Qc6 10. Rg1 g6 11. Bg2 Qc7 12. Bf4 Qd8 13. Qe2 Bg7 14. Nd6+ Kf8 15. Nc4 Ra7 16. a5 b5 17. axb6 Nxb6 18. Kf1 Bg4 19. Bf3 Bh3+ 20. Bg2 Be6 21. Na5 Qc8 22. Nc6 Rd7 23. Ne5 Rd4 24. Be3 Rb4 25. Nc6 Rxb2 26. Bxc5 Ng4 27. Bxe7+ Kg8 28. d4 Bc4 29. Ba3 Bxe2+ 30. Nxe2 Nxh2+ 31. Ke1 Bf6 32. Bxb2 Nc4 33. Bc1 Kg7 34. Rh1 Ng4 35. Kf1 Re8 36. Bf3 h5 37. Bf4 Qf5 38. Kg2 Qxc2 39. Rac1 Qa2 40. Nc3 Nce3+ 41. Bxe3 Nxe3+ 42. Kg1 Qd2 43. Ne2 Ng4 44. Ne5 Bxe5 45. dxe5 Rxe5 46. Kg2 Rxe2 47. Bxe2 Qxe2 48. Rhf1 Ne3+ 49. Kg1 Nxf1 50. Rxf1 Qxf1+ 51. Kxf1 a5 52. Ke2 a4 0-1


[Site "https://www.chess.com"]

[Event "Titled Tuesday Blitz January 31 Early 2023"]
[White "Salimova, Nurgyul"]
[Black "Dominguez Perez, Leinier"]
[WhiteFideId "2915138"]
[BlackFideId "3503240"]
[WhiteElo "2391"]
[BlackElo "2739"]
[Result "0-1"]
[Round "11"]
[TimeControl "180+2"]
[Date "2023.01.31"]
[WhiteClock "0:00:06"]
[BlackClock "0:00:51"]

1. d4 d5 2. Nf3 c6 3. c4 dxc4 4. Nc3 b5 5. e4 Nf6 6. e5 Nd5 7. a4 h6 8. Be2 e6 9. O-O Be7 10. Ne4 Nd7 11. b3 cxb3 12. axb5 cxb5 13. Bxb5 Rb8 14. Qxb3 a6 15. Bxd7+ Bxd7 16. Qd1 O-O 17. Ba3 Nb4 18. Nc5 Bc6 19. Bxb4 Rxb4 20. Nxa6 Bxf3 21. Qxf3 Rxd4 22. Rfd1 Qb6 23. Rdb1 Ra4 24. Qd3 Rxa1 25. Rxa1 Rd8 26. Qe2 Bg5 27. h4 Rd2 28. Qf3 Rxf2 29. Qa8+ Kh7 30. hxg5 Ra2+ 31. Kh2 Rxa1 32. Qe4+ g6 33. Qf4 Qg1+ 34. Kg3 Ra3+ 35. Kh4 Qh1+ 36. Kg4 h5# 0-1


[Site "https://www.chess.com"]

[Event "Titled Tuesday Blitz January 31 Early 2023"]
[White "Galchenko, Matvey"]
[Black "Sarana, Alexey"]
[WhiteFideId "24175480"]
[BlackFideId "24133795"]
[WhiteElo "2438"]
[BlackElo "2685"]
[Result "0-1"]
[Round "11"]
[TimeControl "180+2"]
[Date "2023.01.31"]
[WhiteClock "0:00:09"]
[BlackClock "0:00:21"]

1. e4 c5 2. c3 d5 3. exd5 Qxd5 4. d4 Nf6 5. Nf3 Nc6 6. dxc5 Qxd1+ 7. Kxd1 e5 8. b4 Bg4 9. Be3 Nd5 10. Kc2 O-O-O 11. Nbd2 f5 12. Bg5 Re8 13. Bb5 h6 14. Bc4 Ndxb4+ 15. cxb4 hxg5 16. a3 Bxf3 17. Nxf3 g4 18. Ng5 Be7 19. Nf7 Rhf8 20. Rhe1 e4 21. Rad1 Kb8 22. Kb3 Bf6 23. Rd7 Nd4+ 24. Ka4 Re7 25. Rxe7 Bxe7 26. Rd1 Bf6 27. Nd6 Be5 28. Nf7 Bf6 29. Nd6 a6 30. Bd5 Rd8 31. Ka5 Ka7 32. Ba2 Rxd6 33. cxd6 b5 34. Rc1 Bd8+ 35. Rc7+ Bxc7+ 36. dxc7 Nc6# 0-1


[Site "https://www.chess.com"]

[Event "Titled Tuesday Blitz January 31 Early 2023"]
[White "Deac, Bogdan-Daniel"]
[Black "Cherniaiev, Tykhon"]
[WhiteFideId "1226380"]
[BlackFideId "14182360"]
[WhiteElo "2700"]
[BlackElo "2330"]
[Result "1-0"]
[Round "11"]
[TimeControl "180+2"]
[Date "2023.01.31"]
[WhiteClock "0:00:18"]
[BlackClock "0:00:21"]

1. b3 Nf6 2. Bb2 e6 3. Nf3 d5 4. c4 c5 5. cxd5 exd5 6. g3 Nc6 7. Bg2 Be7 8. O-O O-O 9. d4 cxd4 10. Nxd4 a6 11. Nc3 Bg4 12. Rc1 Rc8 13. h3 Bh5 14. Nf5 Bg6 15. Nxe7+ Nxe7 16. e3 Re8 17. Ne2 Rxc1 18. Qxc1 Nc6 19. Nf4 Be4 20. Bxf6 Qxf6 21. Nxd5 Qf5 22. Rd1 Bxg2 23. Kxg2 h6 24. g4 Qe5 25. Qc3 Qe6 26. Nc7 Qe4+ 27. Kg1 Rc8 28. Nd5 Qf3 29. Qd3 Ne5 30. Qd4 Qxh3 31. Qxe5 Qxg4+ 32. Kh2 Qh4+ 33. Kg2 Qg4+ 34. Qg3 Qxd1 35. Ne7+ Kh7 36. Nxc8 Qc2 37. Nd6 Qc6+ 38. e4 f5 39. Qe5 fxe4 40. Qxe4+ Qxe4+ 41. Nxe4 Kg6 42. Nc5 Kf6 43. Nxb7 Ke5 44. Nc5 a5 45. Nb7 a4 46. bxa4 Kd5 47. Nd8 Kc5 48. a3 Kb6 49. Ne6 Ka5 50. Nxg7 Kxa4 51. Nf5 Kxa3 52. Nxh6 Kb4 53. f4 Kc5 54. Kf3 Kd6 55. Kg4 Ke7 56. Kg5 Kf8 57. Ng4 Kg7 58. Ne3 Kf7 59. f5 Kg7 60. f6+ Kf7 61. Kf5 Kf8 62. Ke6 Ke8 63. f7+ Kf8 64. Nc4 Kg7 65. Ne5 Kf8 66. Nd7+ Kg7 67. f8=Q+ Kh7 68. Qf6 Kg8 69. Qg5+ Kh7 70. Kf7 Kh8 71. Nc5 Kh7 72. Nb3 Kh8 73. Nd4 Kh7 74. Nf5 Kh8 75. Qh5# 1-0


[Site "https://www.chess.com"]

[Event "Titled Tuesday Blitz January 31 Early 2023"]
[White "Makhnev, Denis"]
[Black "Azarov, Sergei"]
[WhiteFideId "13707647"]
[BlackFideId "13501470"]
[WhiteElo "2483"]
[BlackElo "2582"]
[Result "1-0"]
[Round "11"]
[TimeControl "180+2"]
[Date "2023.01.31"]
[WhiteClock "0:01:25"]
[BlackClock "0:00:04"]

1. d4 Nf6 2. c4 e6 3. Nf3 b6 4. g3 Bb7 5. Bg2 Be7 6. O-O O-O 7. Re1 Na6 8. a3 c5 9. d5 exd5 10. Nh4 Ne4 11. cxd5 Bxh4 12. Bxe4 Bf6 13. Qc2 g6 14. Bf4 d6 15. Nc3 Nc7 16. Rad1 Re8 17. Bf3 b5 18. Bh1 a6 19. h4 Qe7 20. Bf3 Be5 21. Bg5 f6 22. Bc1 f5 23. h5 Qf6 24. Kg2 Re7 25. hxg6 hxg6 26. Rh1 Rae8 27. e3 Bxc3 28. bxc3 Re5 29. c4 bxc4 30. Bb2 Qf7 31. Bxe5 Rxe5 32. Qxc4 Nxd5 33. Qh4 Nxe3+ 34. Kg1 1-0


[Site "https://www.chess.com"]

[Event "Titled Tuesday Blitz January 31 Early 2023"]
[White "Goltsev, Dmitry"]
[Black "Timofeev, Artyom"]
[WhiteFideId "24176710"]
[BlackFideId "4140419"]
[WhiteElo "2269"]
[BlackElo "2567"]
[Result "1/2-1/2"]
[Round "11"]
[TimeControl "180+2"]
[Date "2023.01.31"]
[WhiteClock "0:02:52"]
[BlackClock "0:02:16"]

1. e4 c5 2. Nf3 Nc6 3. d4 cxd4 4. Nxd4 e5 5. Nf5 d5 6. Qxd5 Qxd5 7. exd5 Bxf5 8. dxc6 bxc6 9. Bd3 Bxd3 10. cxd3 Nf6 11. Nc3 Kd7 12. Ke2 Bc5 13. Be3 Bd4 14. Bxd4 exd4 15. Na4 Kd6 16. Rac1 Rhe8+ 17. Kd2 Re5 1/2-1/2


[Site "https://www.chess.com"]

[Event "Titled Tuesday Blitz January 31 Early 2023"]
[White "Zahid, Sanatan"]
[Black "Ter-Sahakyan, Samvel"]
[WhiteFideId "10201963"]
[BlackFideId "13302531"]
[WhiteElo "1930"]
[BlackElo "2617"]
[Result "1/2-1/2"]
[Round "11"]
[TimeControl "180+2"]
[Date "2023.01.31"]
[WhiteClock "0:00:20"]
[BlackClock "0:00:05"]

1. d4 Nf6 2. Nc3 d5 3. Bf4 c5 4. e4 Nxe4 5. Nxe4 dxe4 6. dxc5 Nd7 7. b4 e5 8. Be3 b6 9. Qd5 Rb8 10. Qxe4 bxc5 11. b5 Be7 12. Nf3 Bb7 13. Qg4 O-O 14. Rd1 Nf6 15. Qa4 Qc7 16. Bc4 e4 17. Nd2 Ng4 18. Nf1 Kh8 19. h3 Ne5 20. Nd2 f5 21. Bf4 Nf3+ 22. Nxf3 Qxf4 23. Bd5 Bxd5 24. Rxd5 Qc1+ 25. Rd1 Qb2 26. Nd2 Qxb5 27. Qxb5 Rxb5 28. Nc4 Rb4 29. Ne5 Rb2 30. O-O Rxa2 31. c4 Rc2 32. Rd5 Rc8 33. Rb1 Bf6 34. Rxc5 Rc1+ 35. Rxc1 Rxc5 36. Nd7 Rc7 37. Nxf6 gxf6 38. Ra1 Kg7 39. Ra5 Kf7 40. g3 Ke6 41. Ra6+ Ke5 42. Kg2 h5 43. h4 Rg7 44. Ra5+ Ke6 45. Ra6+ Ke5 46. Ra5+ Ke6 47. Kf1 Rc7 48. Ke2 Rxc4 49. Rxa7 f4 50. Ra5 Rc2+ 51. Kf1 fxg3 52. fxg3 f5 53. Ke1 Rg2 54. Ra3 Ke5 55. Kf1 Rd2 56. Ke1 Rd3 57. Ra5+ Rd5 58. Ra3 Kd4 59. Ke2 Rc5 60. Ra4+ Rc4 61. Ra5 Rc2+ 62. Kf1 Rc3 63. Kf2 Rf3+ 64. Ke2 Rxg3 65. Rxf5 Rg2+ 66. Kf1 Rh2 67. Rxh5 Ke3 68. Rh8 Kd2 69. Rd8+ Ke3 70. Rh8 Kf3 71. Rf8+ Kg3 72. Rg8+ Kf4 73. Rf8+ Ke3 74. Rh8 1/2-1/2


[Site "https://www.chess.com"]

[Event "Titled Tuesday Blitz January 31 Early 2023"]
[White "Fernandez Guillen, Ernesto J."]
[Black "Samunenkov, Ihor"]
[WhiteFideId "3512428"]
[BlackFideId "14187086"]
[WhiteElo "2477"]
[BlackElo "2501"]
[Result "1/2-1/2"]
[Round "11"]
[TimeControl "180+2"]
[Date "2023.01.31"]
[WhiteClock "0:00:06"]
[BlackClock "0:00:07"]

1. e4 c5 2. Nf3 Nc6 3. Nc3 g6 4. d4 cxd4 5. Nxd4 Bg7 6. Be3 Nf6 7. Bc4 O-O 8. Bb3 Re8 9. f3 e6 10. Nxc6 bxc6 11. Qd6 Bf8 12. Qg3 d5 13. O-O-O Bg7 14. f4 Nh5 15. Qe1 d4 16. e5 c5 17. Ne4 Qc7 18. Nd6 Rd8 19. g4 dxe3 20. gxh5 Bb7 21. Rg1 Bf3 22. Rd3 Bxh5 23. Qxe3 a5 24. c4 a4 25. Bd1 Bxd1 26. Rgxd1 Bf8 27. Ne4 Be7 28. Rxd8+ Rxd8 29. Rxd8+ Qxd8 30. Nxc5 Qc7 31. Nxa4 Qxc4+ 32. Nc3 Bc5 33. Qf3 Bd4 34. Qe4 Qc5 35. Kc2 Kg7 36. a4 h5 37. Kd3 Bg1 38. h3 Qb6 39. Nb5 Qa5 40. Nd6 Bc5 41. Nb5 Qd8+ 42. Kc2 Bb6 43. Qc6 Ba5 44. Nd6 Qh4 45. Ne8+ Kf8 46. Nf6 Qf2+ 47. Kb3 Qe3+ 48. Ka2 Qxf4 49. Qa8+ Kg7 50. Qxa5 Qc4+ 51. b3 Qc2+ 52. Ka3 Qc1+ 53. Kb4 Qe1+ 54. Kb5 Qxe5+ 55. Ka6 Qxf6 56. Qc5 e5+ 57. Kb5 e4 58. a5 Qf1+ 59. Kb6 Qd3 60. b4 e3 61. a6 e2 62. Qe5+ f6 63. Qe7+ Kh6 64. a7 Qd4+ 65. Kb5 Qd5+ 66. Kb6 Qd4+ 67. Kb7 Qd5+ 68. Kb8 Qe5+ 69. Qxe5 fxe5 70. a8=Q e1=Q 71. b5 e4 72. Kc7 Qc3+ 73. Kb6 Qd4+ 74. Kc7 Qe5+ 75. Kb6 e3 76. Qh1 e2 77. Qc1+ g5 78. Qe1 Qd4+ 79. Ka6 Qd1 80. Qf2 e1=Q 81. Qf6+ Kh7 82. Qf7+ Kh8 83. Qf8+ Kh7 84. Qf7+ Kh6 85. Qf6+ Kh7 86. Qf7+ 1/2-1/2


[Site "https://www.chess.com"]

[Event "Titled Tuesday Blitz January 31 Early 2023"]
[White "Jakubowski, Krzysztof"]
[Black "Kazakouski, Valery"]
[WhiteFideId "1112848"]
[BlackFideId "13507443"]
[WhiteElo "2486"]
[BlackElo "2539"]
[Result "0-1"]
[Round "11"]
[TimeControl "180+2"]
[Date "2023.01.31"]
[WhiteClock "0:01:13"]
[BlackClock "0:01:55"]

1. e4 c5 2. Nf3 a6 3. Nc3 e6 4. d4 b5 5. d5 d6 6. a4 b4 7. Nb1 exd5 8. exd5 Nf6 9. Bc4 Be7 10. O-O O-O 11. a5 Bg4 12. h3 Bh5 13. Re1 Re8 14. Bf4 Nbd7 15. Qd3 Bg6 16. Qb3 Bf8 17. Rxe8 Qxe8 18. Nbd2 h6 19. Re1 Qd8 20. Qa4 Ra7 21. Nf1 Be4 22. Rd1 Bxf3 23. gxf3 Nh5 24. Bh2 Qh4 25. Kg2 Qxc4 26. Qc6 Nf4+ 27. Bxf4 Qxf4 28. Ng3 Ne5 0-1


[Site "https://www.chess.com"]

[Event "Titled Tuesday Blitz January 31 Early 2023"]
[White "Sychev, Klementy"]
[Black "Shipov, Sergei"]
[WhiteFideId "4114060"]
[BlackFideId "4113624"]
[WhiteElo "2547"]
[BlackElo "2541"]
[Result "0-1"]
[Round "11"]
[TimeControl "180+2"]
[Date "2023.01.31"]
[WhiteClock "0:00:03"]
[BlackClock "0:00:18"]

1. d4 d5 2. c4 dxc4 3. Nf3 Nf6 4. e3 e6 5. Bxc4 c5 6. O-O Nc6 7. Nc3 a6 8. d5 Na5 9. b3 b5 10. Bd3 Nxd5 11. Nxd5 exd5 12. Bb2 Bb7 13. Qc2 Nc6 14. Bxh7 Qc7 15. Rad1 O-O-O 16. a3 Kb8 17. Rfe1 f6 18. Bf5 Bd6 19. h3 Ne5 20. Bxe5 fxe5 21. e4 g6 22. Bg4 d4 23. Nd2 Be7 24. a4 Bc6 25. axb5 axb5 26. Be2 Kb7 27. Bd3 Ra8 28. Nf1 Qa5 29. b4 Qa4 30. bxc5 Qxc2 31. Bxc2 Bxc5 32. Bd3 Ra3 33. Re2 b4 34. Rc2 Rc3 35. Rb2 Ra8 36. Bb1 Ba4 37. Re1 b3 38. Nh2 Ba3 39. Rbe2 b2 40. Nf3 Rc1 41. Nxe5 Bb5 42. Nd3 Rxb1 43. Rxb1 Bxd3 44. Rexb2+ Bxb2 45. Rxb2+ Kc6 46. Rd2 Ra3 47. f3 Kc5 48. h4 Kc4 49. g4 Kc3 50. Rf2 Bc4 51. h5 gxh5 52. gxh5 d3 53. h6 Ra6 54. h7 Rh6 55. Rh2 Rxh2 56. Kxh2 d2 57. h8=Q+ Kc2 0-1


[Site "https://www.chess.com"]

[Event "Titled Tuesday Blitz January 31 Early 2023"]
[White "Kosteniuk, Alexandra"]
[Black "Baskakov, Egor"]
[WhiteFideId "4128125"]
[BlackFideId "24197866"]
[WhiteElo "2535"]
[BlackElo "2215"]
[Result "1-0"]
[Round "11"]
[TimeControl "180+2"]
[Date "2023.01.31"]
[WhiteClock "0:01:49"]
[BlackClock "0:01:29"]

1. e4 c5 2. c3 Nf6 3. e5 Nd5 4. Nf3 Nc6 5. Bc4 Nb6 6. Bb3 g6 7. O-O Bg7 8. d4 cxd4 9. cxd4 O-O 10. Nc3 d6 11. exd6 Bg4 12. dxe7 Qxe7 13. Be3 Rad8 14. Re1 Qd7 15. h3 Bxf3 16. Qxf3 Nxd4 17. Bxd4 Bxd4 18. Rad1 Qc7 19. Nb5 Qc5 20. Nxd4 Rxd4 21. Rxd4 Qxd4 22. Re7 Qg7 23. Qxb7 Nc8 24. Rxf7 1-0


[Site "https://www.chess.com"]

[Event "Titled Tuesday Blitz January 31 Early 2023"]
[White "Sattarov, Bobir"]
[Black "Ozen, Bahadir"]
[WhiteFideId "14203081"]
[BlackFideId "6337058"]
[WhiteElo "2366"]
[BlackElo "2369"]
[Result "0-1"]
[Round "11"]
[TimeControl "180+2"]
[Date "2023.01.31"]
[WhiteClock "0:00:02"]
[BlackClock "0:00:50"]

1. e4 d6 2. d4 Nf6 3. Nc3 e5 4. Nf3 Nbd7 5. Bc4 Be7 6. O-O O-O 7. a4 c6 8. Ba2 b6 9. Qe2 a6 10. Rd1 Qc7 11. Be3 Rb8 12. Nh4 exd4 13. Bxd4 Nc5 14. b4 Ne6 15. Be3 d5 16. Nf5 Bxb4 17. exd5 Bxc3 18. d6 Qd7 19. Rab1 b5 20. Qf3 b4 21. Rd3 Bb7 22. Rbd1 c5 23. Qg3 Be4 24. Nxg7 Nxg7 25. Bh6 Qg4 0-1


[Site "https://www.chess.com"]

[Event "Titled Tuesday Blitz January 31 Early 2023"]
[White "Agasarov, Benik"]
[Black "Ibarra Jerez, Jose Carlos"]
[WhiteFideId "13314823"]
[BlackFideId "2226332"]
[WhiteElo "2235"]
[BlackElo "2563"]
[Result "0-1"]
[Round "11"]
[TimeControl "180+2"]
[Date "2023.01.31"]
[WhiteClock "0:00:18"]
[BlackClock "0:01:08"]

1. d4 Nf6 2. c4 d6 3. Nf3 g6 4. Nc3 Bf5 5. g3 Ne4 6. Qb3 Nxc3 7. bxc3 Be4 8. Bg2 Bg7 9. O-O O-O 10. Re1 b6 11. Bh3 Nc6 12. Nd2 Na5 13. Qd1 Bb7 14. e4 c5 15. Bb2 Qc7 16. d5 e5 17. dxe6 Rae8 18. exf7+ Qxf7 19. Qe2 Ba6 20. Bf1 d5 21. Qe3 dxe4 22. Rad1 Bb7 23. Bg2 Nxc4 24. Nxc4 Qxc4 25. Rd7 Rf7 26. Red1 Qxa2 27. Rxf7 Qxf7 28. Bh3 Qf3 29. Rd7 Qxe3 30. fxe3 Bc8 31. Be6+ Kh8 32. c4 Bxb2 0-1


[Site "https://www.chess.com"]

[Event "Titled Tuesday Blitz January 31 Early 2023"]
[White "Pakleza, Zbigniew"]
[Black "Szpar, Milosz"]
[WhiteFideId "1119290"]
[BlackFideId "1184989"]
[WhiteElo "2494"]
[BlackElo "2447"]
[Result "0-1"]
[Round "11"]
[TimeControl "180+2"]
[Date "2023.01.31"]
[WhiteClock "0:00:04"]
[BlackClock "0:00:08"]

1. Nf3 d5 2. c4 d4 3. e3 Nc6 4. b4 dxe3 5. fxe3 Nxb4 6. Qa4+ Nc6 7. d4 Bd7 8. Qb3 e5 9. d5 Na5 10. Qc3 e4 11. Ne5 b6 12. Be2 Nf6 13. O-O Bd6 14. Nxd7 Qxd7 15. Na3 Qe7 16. Bb2 c6 17. c5 Bxc5 18. dxc6 Nxc6 19. Bb5 Rc8 20. Nc4 O-O 21. Kh1 Nb4 22. Ne5 Nbd5 23. Qb3 Nxe3 24. Nc6 Rxc6 25. Bxc6 Nxf1 26. Rxf1 Ng4 27. Qg3 f5 28. h3 Ne3 29. Rc1 f4 30. Qe1 f3 31. gxf3 exf3 32. Qg3 f2 33. Bd5+ Nxd5 34. Rf1 Ne3 35. Rxf2 Rxf2 36. Qxf2 Qb7+ 37. Kh2 Ng4+ 38. hxg4 Bxf2 39. Be5 Bc5 0-1


[Site "https://www.chess.com"]

[Event "Titled Tuesday Blitz January 31 Early 2023"]
[White "Harsh Suresh"]
[Black "Belozerov, Andrei"]
[WhiteFideId "45018464"]
[BlackFideId "4120213"]
[WhiteElo "2298"]
[BlackElo "2461"]
[Result "1-0"]
[Round "11"]
[TimeControl "180+2"]
[Date "2023.01.31"]
[WhiteClock "0:00:11"]
[BlackClock "0:00:05"]

1. e4 c5 2. Nc3 Nc6 3. Bb5 Nd4 4. Bc4 e6 5. Nf3 Nf6 6. O-O a6 7. e5 d5 8. exf6 dxc4 9. fxg7 Bxg7 10. d3 Bd7 11. Nxd4 cxd4 12. Qg4 Rg8 13. Ne4 Bc6 14. Bg5 Qd5 15. Rfe1 cxd3 16. cxd3 f5 17. Qh5+ Kf8 18. f3 h6 19. Nf6 Bxf6 20. Bxf6 Qxf3 21. Qxf3 Bxf3 22. g3 Kf7 23. Bxd4 Rad8 24. Be3 h5 25. d4 h4 26. Kf2 Bd5 27. Rac1 Rd7 28. b3 hxg3+ 29. hxg3 Rh8 30. Re2 Kg6 31. Ke1 Kh5 32. Rh2+ Kg4 33. Rxh8 Kf3 34. Rc3 Kg2 35. Bf4 Be4 36. Be5 b5 37. Ke2 b4 38. Rc1 Bf3+ 39. Ke3 Bg4 40. Rc2+ Kg1 41. Rhc8 a5 42. Rd2 Rh7 43. Rc1+ Bd1 44. Rcxd1# 1-0


[Site "https://www.chess.com"]

[Event "Titled Tuesday Blitz January 31 Early 2023"]
[White "Samant Aditya S"]
[Black "Postny, Evgeny"]
[WhiteFideId "35080580"]
[BlackFideId "2804344"]
[WhiteElo "2501"]
[BlackElo "2549"]
[Result "0-1"]
[Round "11"]
[TimeControl "180+2"]
[Date "2023.01.31"]
[WhiteClock "0:00:02"]
[BlackClock "0:00:51"]

1. e4 c5 2. Nf3 Nc6 3. d4 cxd4 4. Nxd4 e5 5. Nb5 a6 6. Nd6+ Bxd6 7. Qxd6 Qe7 8. Qd1 Nf6 9. Nc3 h6 10. Be3 d6 11. Bc4 O-O 12. O-O Be6 13. Bb3 Rfd8 14. Bb6 Rd7 15. Nd5 Bxd5 16. exd5 Na7 17. Ba4 Nc8 18. Bxd7 Nxb6 19. Bh3 Nbxd5 20. g3 Nb4 21. Bg2 e4 22. Re1 d5 23. c3 Nc6 24. Qd2 Rd8 25. Rad1 Qe5 26. h3 g5 27. Qe3 Kg7 28. Rd2 Qf5 29. Rdd1 Re8 30. b3 Ne5 31. Rf1 Nf3+ 32. Kh1 h5 33. Qc5 h4 34. g4 Qf4 35. Bxf3 Qxf3+ 36. Kh2 e3 37. Rde1 exf2 38. Rxf2 Qg3+ 39. Kh1 Rxe1+ 0-1


[Site "https://www.chess.com"]

[Event "Titled Tuesday Blitz January 31 Early 2023"]
[White "Avila Pavas, Santiago"]
[Black "Klose, Eli"]
[WhiteFideId "4437128"]
[BlackFideId "16242955"]
[WhiteElo "2522"]
[BlackElo "1519"]
[Result "1-0"]
[Round "11"]
[TimeControl "180+2"]
[Date "2023.01.31"]
[WhiteClock "0:00:30"]
[BlackClock "0:00:02"]

1. d4 Nf6 2. Nf3 c5 3. d5 b5 4. Bg5 Ne4 5. Bf4 Bb7 6. Qd3 Qa5+ 7. c3 Nf6 8. e4 c4 9. Qd4 d6 10. a4 a6 11. Be2 Nbd7 12. O-O g6 13. Na3 Bg7 14. axb5 axb5 15. Nc2 Qd8 16. Rxa8 Qxa8 17. Ra1 Qc8 18. Qe3 Nc5 19. Nd2 O-O 20. Nd4 Qd7 21. Bh6 Bxh6 22. Qxh6 Nfxe4 23. Nxe4 Nxe4 24. Ra5 Bxd5 25. Rxb5 Nf6 26. h4 e5 27. Qg5 exd4 28. Qxf6 Qxb5 29. h5 Qxb2 30. f4 Qc1+ 31. Kh2 h6 32. hxg6 Qe3 33. g7 Re8 34. Qxh6 Qxf4+ 35. Qxf4 Re7 36. Qxd4 Re6 37. Qxd5 1-0


[Site "https://www.chess.com"]

[Event "Titled Tuesday Blitz January 31 Early 2023"]
[White "Mikaelyan, Arman"]
[Black "Zhu, Jiner"]
[WhiteFideId "13304852"]
[BlackFideId "8608059"]
[WhiteElo "2523"]
[BlackElo "2507"]
[Result "0-1"]
[Round "11"]
[TimeControl "180+2"]
[Date "2023.01.31"]
[WhiteClock "0:00:02"]
[BlackClock "0:00:06"]

1. Nf3 Nf6 2. g3 g6 3. Bg2 Bg7 4. b3 O-O 5. Bb2 d5 6. d4 Nbd7 7. O-O c5 8. dxc5 Nxc5 9. Nbd2 Bf5 10. c4 dxc4 11. Nxc4 Be4 12. Qd4 Rc8 13. Rfd1 Qxd4 14. Bxd4 b5 15. Nce5 Ne6 16. Bxa7 Nd5 17. Rac1 Nc3 18. Rxc3 Rxc3 19. Nd7 Rd8 20. Bb6 Ra8 21. Nde5 h5 22. h4 Rxa2 23. e3 Rcc2 24. Rf1 f6 25. Nd7 Bd3 26. Rd1 Be2 27. Re1 Bxf3 28. Bxf3 Rxf2 29. Bd5 Kh7 30. Bxe6 Rg2+ 31. Kh1 Rh2+ 32. Kg1 Rag2+ 33. Kf1 Rf2+ 34. Kg1 Rhg2+ 35. Kh1 Rh2+ 36. Kg1 Rfg2+ 37. Kf1 Rxg3 38. Bd5 Rxh4 39. Bc7 Rgh3 40. Kf2 Rg4 41. Be6 f5 42. Rc1 h4 43. Bf4 Bh6 44. Ne5 Bxf4 45. Nxg4 Bg3+ 46. Kf3 fxg4+ 47. Bxg4 Rh2 48. Rc8 Rf2+ 49. Ke4 Rf7 50. Be6 Rf6 51. Bg8+ Kh6 52. Bd5 Kg5 53. Rh8 Rf1 54. Be6 Rc1 55. Kf3 Rc5 56. Kg2 Kf6 57. Bg4 Re5 58. Kf3 Kg5 59. Bd7 Rd5 60. Be6 Rd2 61. Bc8 Rf2+ 62. Ke4 Rf1 63. Be6 Rf6 64. Kd5 Rf3 65. Ke4 Rf2 66. Kd5 Rf6 67. Bc8 Rf1 68. Ke4 b4 69. Be6 Rf6 70. Bc8 e6 71. Bd7 Kg4 72. Re8 h3 73. Rxe6 Rxe6+ 74. Bxe6+ Kh4 75. Kf3 Bd6 76. Bd7 g5 77. Be6 Bc7 78. Bd7 g4+ 0-1


[Site "https://www.chess.com"]

[Event "Titled Tuesday Blitz January 31 Early 2023"]
[White "Csonka, Balazs"]
[Black "Orlov, Georgi"]
[WhiteFideId "742910"]
[BlackFideId "2011271"]
[WhiteElo "2496"]
[BlackElo "2453"]
[Result "1/2-1/2"]
[Round "11"]
[TimeControl "180+2"]
[Date "2023.01.31"]
[WhiteClock "0:01:47"]
[BlackClock "0:02:15"]

1. e4 e6 2. d4 d5 3. Bd3 dxe4 4. Bxe4 Nf6 5. Bf3 Nc6 6. Be3 Nd5 7. Bc1 Nb6 8. Ne2 Be7 9. O-O Bf6 10. c3 O-O 11. Nd2 e5 12. Ne4 1/2-1/2


[Site "https://www.chess.com"]